 Dungeon Crawl Stone Soup version 0.28.0-53-g5a82cb258f (webtiles) character file.

Game seed: 15927008220969145591

142 safid the Chopper (level 5, -3/46 HPs)
             Began as a Hill Orc Fighter on Aug 2, 2022.
             Killed from afar by Ijyb (36 damage)
             ... with a bolt of acid
             ... on level 3 of the Dungeon.
             The game lasted 00:03:01 (2548 turns).

safid the Chopper (Hill Orc Fighter)                Turns: 2548, Time: 00:03:01

Health: -3/46      AC:  7    Str: 21    XL:     5   Next: 24%
Magic:  5/5        EV:  9    Int:  8    God:
Gold:   58         SH:  4    Dex: 10    Spells: 4/4 levels left

rFire   . . .      SeeInvis .   a - +0 war axe
rCold   . . .      Faith    .   c - +0 buckler
rNeg    . . .      Spirit   .   b - +0 scale mail
rPois   .          Reflect  .   (no helmet)
rElec   .          Harm     .   (no cloak)
rCorr   .          Rampage  .   (no gloves)
Will    .....                   (no boots)
Stlth   ..........              (no amulet)
HPRegen 0.15/turn               (no ring)
MPRegen 0.09/turn               (no ring)

@: no status effects
A: no striking features
a: no special abilities


You were on level 3 of the Dungeon.
You visited 1 branch of the dungeon, and saw 3 of its levels.

You collected 58 gold pieces.

Inventory:

Hand Weapons
 a - a +0 war axe (weapon)
Missiles
 s - 6 silver boomerangs (quivered)
Armour
 b - a +0 scale mail (worn)
 c - a +0 buckler (worn)
Jewellery
 k - a +4 ring of evasion
Scrolls
 f - 2 scrolls of magic mapping {unknown}
 g - 4 scrolls of identify {unknown}
 l - a scroll of fear {unknown}
 n - a scroll of brand weapon {unknown}
 p - a scroll of teleportation {unknown}
 q - a scroll of vulnerability {unknown}
Potions
 d - a potion of might
 e - 2 potions of curing {unknown}
 h - a potion of heal wounds {unknown}
 i - 2 potions of mutation {unknown}
 j - a potion of haste {unknown}
 m - a potion of degeneration {unknown}
 o - 2 potions of flight {unknown}
 r - a potion of cancellation {unknown}


   Skills:
 - Level 4.0 Fighting
 + Level 5.6 Axes
 - Level 4.0 Armour
 - Level 4.0 Shields


You had 4 spell levels left.
You didn't know any spells.
Your spell library contained the following spells:

 Spells                   Type           Power      Damage    Failure   Level
 Pain                     Necr           0%         1d4       83%         1
 Sublimation of Blood     Necr           0%         N/A       92%         2
 Wereblood                Tmut           0%         N/A       92%         2
 Inner Flame              Hex/Fire       0%         N/A       99%         3
 Agony                    Necr           0%         N/A       100%        5
 Excruciating Wounds      Necr           0%         N/A       100%        5
 Fireball                 Conj/Fire      0%         3d3       100%        5
 Eringya's Noxious Bog    Tmut/Pois      0%         N/A       100%        6
 Summon Hydra             Summ           0%         N/A       100%        7


Dungeon Overview and Level Annotations

Branches:
Dungeon (3/15)

Altars:
Fedhas

Annotations:
D:3 Ijyb, Jessica


Message History

The gnoll closely misses you.
Unknown command.
You barely miss the gnoll.
The gnoll is almost dead.
You hit the gnoll.
The gnoll hits you with a +1 flail of protection.
The gnoll hits you but does no damage.
You are too injured to fight recklessly!
You are too injured to fight recklessly!
You are too injured to fight recklessly!
You are too injured to fight recklessly!
You closely miss the gnoll.
The gnoll is almost dead.
You hit the gnoll. The gnoll barely misses you. x2
Unknown command.
You slash the gnoll!
You kill the gnoll!
You completely miss the gnoll. The gnoll completely misses you.
The gnoll barely misses you.
Unknown command.
You closely miss the gnoll.
The gnoll is moderately wounded.
The gnoll hits you with a +0 club!
Unknown command.
You slash the gnoll!
You kill the gnoll!
You see here a +0 club.
Things that are here:
a +1 flail of protection; a +2 vorpal spear; a gnoll corpse
There is a stone staircase leading down, spattered with blood here.
You start resting.
HP restored.
You climb downwards.
Level annotation: Ijyb, Jessica
There is a stone staircase leading up here.
Unknown command.
Jessica gestures at you while chanting. Pain shoots through your body!
Ijyb zaps a wand.
The bolt of acid hits you!!!
Ouch! That really hurt!
You die...

.. ..##
#######..PP
#.....@gP.P
#.......PP_
#.......PPP
#........PP
#..@......#
##########.


You could see Ijyb and Jessica.

Vanquished Creatures
  A water moccasin skeleton (D:2)
  3 gnolls (D:2)
  A worm (D:2)
  2 dart slugs
  An orc (D:2)
  5 endoplasms
  3 giant cockroaches
  5 goblins
  2 hobgoblins (D:2)
  4 jackals (D:1)
  2 quokkas
  5 ball pythons
  5 bats
  2 frilled lizards (D:2)
  5 kobolds
  5 rats
51 creatures vanquished.

Notes
Turn   | Place    | Note
-------+----------+-------------------------------------------
     0 | D:1      | safid the Hill Orc Fighter began the quest for the Orb.
     0 | D:1      | Reached XP level 1. HP: 19/19 MP: 1/1
    34 | D:1      | Got the Catalogue of the Blaze and Transformation
    54 | D:1      | Reached XP level 2. HP: 26/27 MP: 2/2
    84 | D:1      | Reached skill level 3 in Axes
   753 | D:1      | Reached XP level 3. HP: 32/33 MP: 3/3
  1722 | D:2      | Reached XP level 4. HP: 40/40 MP: 4/4
  2014 | D:2      | Reached skill level 5 in Axes
  2276 | D:3      | Noticed Ijyb
  2276 | D:3      | Noticed Jessica
  2276 | D:3      | Found a blossoming altar of Fedhas.
  2282 | D:2      | Reached XP level 5. HP: 36/46 MP: 5/5
  2548 | D:3      | Killed from afar by Ijyb

Illustrated notes

Levels and vault maps discovered:
D:1:      scummos_arrival_simple_fountains, layout_rooms, minivault_5,
          hex_medium, chequers_serial_rivers_room_b, roderic_lattice_a
D:2:      layout_basic, grunt_ministairs_8, minmay_tall_x
D:3:      layout_loops_cross, fedhas_altar_3, uniq_grinder, uniq_ijyb,
          uniq_jessica

Skill      XL: |  1  2  3  4 |
---------------+-------------+-----
Axes           | 3 5 |  5.6
Fighting       | 4 |  4.0
Shields        | 4 |  4.0
Armour         | 4 |  4.0

Action                   |  1- 3 |  4- 6 || total
-------------------------+-------+-------++-------
Melee: War axe           |   103 |    29 ||   132
Armor: Scale mail        |    54 |     6 ||    60
Dodge: Dodged            |    46 |    14 ||    60
Block: Buckler           |    22 |     9 ||    31
